 Dungeon Crawl Stone Soup version 0.25-a0-834-g55863b0b92 (webtiles) character file.

Game seed: 6535775474296576452, levelgen mode: deterministic

1458 Ashen the Gusty (level 8, -5/48 HPs)
             Began as a Tengu Air Elementalist on Apr 22, 2020.
             Killed from afar by an orc wizard (10 damage)
             ... with a magic dart
             ... while paralysed by Grinder
             ... on level 6 of the Dungeon.
             The game lasted 00:21:04 (6866 turns).

Ashen the Gusty (Tengu Air Elementalist)            Turns: 6866, Time: 00:21:04

Health: -5/48      AC:  3    Str:  8    XL:     8   Next: 76%
Magic:  15/15      EV:  2    Int: 19    God:
Gold:   225        SH:  0    Dex: 14    Spells: 5/15 levels left

rFire    . . .     SeeInvis .   (no weapon)
rCold    . . .     Gourm    .   (no shield)
rNeg     . . .     Faith    .   a - +0 robe
rPois    .         Spirit   .   (helmet restricted)
rElec    .         Reflect  .   (no cloak)
rCorr    .         Harm     +   h - +0 pair of gloves
MR       .....                  (boots unavailable)
Stlth    +++.......             g - amulet of harm
HPRegen  0.16/turn              k - +4 ring of evasion
MPRegen  0.14/turn              (no ring)

@: paralysed, about to teleport, flying quickly and evasively, very slightly
contaminated, quick
A: beak, talons 3, able to fly
a: Stop Flying


You were on level 6 of the Dungeon.
You were not hungry.

You visited 1 branch of the dungeon, and saw 6 of its levels.

You collected 362 gold pieces.
You spent 137 gold pieces at shops.

Inventory:

Armour
 a - a +0 robe (worn)
 h - a +0 pair of gloves (worn)
Jewellery
 g - an amulet of harm (around neck)
 k - a +4 ring of evasion (left hand)
Scrolls
 b - 7 scrolls of identify
 d - 3 scrolls of teleportation
 l - a scroll of remove curse
 o - a scroll of immolation {unknown}
 p - a scroll of fog
 s - a scroll of random uselessness {unknown}
Potions
 i - a potion of curing {unknown}
 j - 2 potions of might {unknown}
 m - a potion of lignification {unknown}
 n - a potion of resistance {unknown}
 q - a potion of degeneration {unknown}
 r - a potion of mutation {unknown}
 u - a potion of flight {unknown}
Comestibles
 c - 3 rations
 t - 2 chunks of flesh


   Skills:
 + Level 4.0 Fighting
 + Level 5.1 Dodging
 - Level 5.0 Stealth
 + Level 4.3 Spellcasting
 + Level 5.6 Conjurations
 + Level 7.0 Air Magic


You had 5 spell levels left.
You knew the following spells:

 Your Spells              Type           Power        Failure   Level  Hunger
a - Shock                 Conj/Air       ####         1%          1    None
b - Swiftness             Chrm/Air       ###.....     4%          2    #......
c - Static Discharge      Conj/Air       ####....     3%          3    ###....
d - Airstrike             Air            ####......   8%          4    ####...

Your spell library contained the following spells:

 Spells                   Type           Power        Failure   Level  Hunger
 Magic Dart               Conj           ####         1%          1    None
 Searing Ray              Conj           ####..       1%          2    #......
 Dazzling Flash           Conj/Hex       ##....       13%         3    ###....
 Lightning Bolt           Conj/Air       ####......   26%         5    ######.
 Fulminant Prism          Conj/Hex       ##........   38%         4    ####...
 Iskenderun's Mystic Bla  Conj/Tloc      ##......     38%         4    ####...


Dungeon Overview and Level Annotations

Branches:
Dungeon (6/15)
 Temple: D:4-7

Altars:
Cheibriados
Fedhas
Gozag
Hepliaklqana
Kikubaaqudgha
Nemelex Xobeh
Ru
Trog
Zin
The Shining One

Shops:
D:4 %?

Annotations:
D:6 Grinder, Pikel


Innate Abilities, Weirdness & Mutations

You have a beak for a mouth.
You have claws for feet.
You can fly continuously.


Message History

You feel strangely unstable.
You start resting.
Eating one of 3 chunks of flesh.
You eat one of the 3 chunks of flesh.
This raw flesh tastes terrible.
Your surroundings suddenly seem different.
The orc wizard shouts!
The orc wizard casts a spell.
The orc wizard blinks!
As you read the scroll of teleportation, it crumbles to dust.
You feel strangely unstable. Grinder gestures at you.
You resist with some effort.
Okay, then.
Grinder gestures at you.
You suddenly lose the ability to move!
Grinder says, "Wait up."
Grinder gestures at you.
You shrug off the repeated paralysis!
The orc wizard points at you and mumbles some strange words.
The magic dart hits you!
You die...

#...####.............
##......#..........## .##
##..##.........###### .....
##..####.......## ##......#
##.).# ####....# #.......#
#)..## ###5.## ##.......# )...#
#####...## ##........# ...##
#...o....####.........# #..#
##.###o.@..............#
#..######.o.#####..............#
#..##...##5## ..#######........#
...#.8.8.#.# 8.8.# ##.......##
...#.._..#o# ._..# ##........
...#.8...#.#...8. ##....##..
...##...'#.#'...## #....#####
....#####.§)#####.## #....#
.......5..⌠........# #...##


You could see Grinder, an orc warrior and an orc wizard.

Vanquished Creatures
  A water moccasin (D:4)
  2 phantoms (D:5)
  An ogre (D:6)
  2 centaurs (D:5)
  A bullfrog (D:6)
  A scorpion (D:5)
  4 wights (D:6)
  A howler monkey (D:6)
  A bullfrog zombie (D:5)
  2 orc priests
  3 orc wizards
  An iguana (D:4)
  Jessica (D:2)
  Terence (D:2)
  5 worker ants
  7 gnolls (D:4)
  6 adders
  2 oozes
  An adder skeleton (D:4)
  2 worms
  4 leopard geckos
  18 orcs
  7 bats
  3 giant cockroaches
  4 goblins
  8 hobgoblins
  6 jackals
  3 quokkas
  A ball python (D:4)
  A ball python skeleton (D:4)
  9 frilled lizards
  8 kobolds
  A leopard gecko skeleton (D:5)
  A leopard gecko zombie (D:5)
  A quokka skeleton (D:5)
  9 rats
  2 rat zombies (D:5)
131 creatures vanquished.

Vanquished Creatures (others)
  3 toadstools (D:4)
3 creatures vanquished.

Grand Total: 134 creatures vanquished

Notes
Turn   | Place    | Note
-------+----------+-------------------------------------------
     0 | D:1      | Ashen the Tengu Air Elementalist began the quest for the
                  | Orb.
     0 | D:1      | Reached XP level 1. HP: 10/10 MP: 4/4
   342 | D:1      | Reached XP level 2. HP: 3/15 MP: 0/6
  1074 | D:1      | Reached XP level 3. HP: 18/20 MP: 5/7
  1353 | D:1      | Reached skill level 1 in Fighting
  1491 | D:2      | Noticed Jessica
  1498 | D:2      | Killed Jessica
  1498 | D:2      | Reached XP level 4. HP: 21/25 MP: 3/8
  1612 | D:2      | Noticed Terence
  1617 | D:2      | Learned a level 2 spell: Swiftness
  1621 | D:2      | Learned a level 3 spell: Static Discharge
  1758 | D:2      | Killed Terence
  1960 | D:2      | Gained mutation: You can fly continuously. [Tengu growth]
  1960 | D:2      | Reached XP level 5. HP: 28/29 MP: 3/9
  2295 | D:3      | Found a glowing silver altar of Zin.
  2299 | D:3      | Found an opulent altar of Gozag.
  2759 | D:3      | Found a sparkling altar of Nemelex Xobeh.
  2918 | D:3      | Reached skill level 5 in Air Magic
  3194 | D:4      | Found Lomyezaow's Food Boutique.
  3221 | D:4      | Reached XP level 6. HP: 35/35 MP: 8/11
  3884 | D:4      | Reached XP level 7. HP: 40/40 MP: 0/12
  4024 | D:4      | Found Ysumauk's Magic Scroll Emporium.
  4049 | D:4      | HP: 2/40 [worker ant (4)]
  4091 | D:3      | HP: 2/40 [poisoned by a water moccasin]
  4400 | D:4      | Bought a scroll of blinking for 82 gold pieces
  4400 | D:4      | Bought a scroll of teleportation for 33 gold pieces
  4400 | D:4      | Bought a scroll of fog for 22 gold pieces
  4499 | D:5      | Entered Level 5 of the Dungeon
  4499 | D:5      | Found a snail-covered altar of Cheibriados.
  4525 | D:5      | Learned a level 4 spell: Airstrike
  4558 | D:5      | Reached skill level 6 in Air Magic
  4699 | D:5      | Found a sacrificial altar of Ru.
  5078 | D:5      | Reached XP level 8. HP: 31/46 MP: 5/14
  5212 | D:5      | Found an ancient bone altar of Kikubaaqudgha.
  5525 | D:6      | Noticed Grinder
  5660 | D:5      | Reached skill level 5 in Conjurations
  5737 | D:6      | Noticed Pikel
  6501 | D:6      | Reached skill level 5 in Dodging
  6501 | D:6      | Reached skill level 5 in Stealth
  6812 | D:6      | Found a bloodstained altar of Trog.
  6812 | D:6      | Found a blossoming altar of Fedhas.
  6816 | D:6      | Reached skill level 7 in Air Magic
  6820 | D:6      | Found a hazy altar of Hepliaklqana.
  6820 | D:6      | Found a glowing golden altar of the Shining One.
  6837 | D:6      | HP: 1/48 [Grinder (3)]
  6864 | D:6      | Paralysed by Grinder for 2 turns
  6866 | D:6      | Killed from afar by an orc wizard

Levels and vault maps discovered:
D:1:      dpeg_arrival_lava_altar, layout_basic, interstate_on_off
D:2:      layout_rooms, first_ration, minmay_between, uniq_jessica, uniq_terence
D:3:      layout_basic, grunt_temple_overflow_gold_and_silver,
          nicolae_overflow_crystal_walls
D:4:      layout_rooms, serial_shops, kennysheep_little_box, shop,
          minmay_gold_behind_fungi, wad_floor_pattern_untrapped,
          grunt_ministairs_15
D:5:      layout_basic, lemuel_doored_altar, lemuel_zombie_altar_kikubaaqudgha,
          cheibriados_altar_1
D:6:      layout_layer_cave, grunt_temple_overflow_cloverleaf, uniq_pikel,
          uniq_grinder

Skill      XL: |  1  2  3  4  5  6  7  8 |
---------------+-------------------------+-----
Conjurations   | 2 3 4 5 |  5.6
Fighting       | 1 2 3 4 |  4.0
Dodging        | 3 4 5 |  5.1
Stealth        | 3 4 5 |  5.0
Air Magic      | 5 6 7 |  7.0
Spellcasting   | 3 4 |  4.3

Action                   |  1- 3 |  4- 6 |  7- 9 || total
-------------------------+-------+-------+-------++-------
Melee: Unarmed           |    28 |    21 |    13 ||    62
       Peck              |     4 |     2 |     2 ||     8
       Kick              |     5 |     5 |     3 ||    13
 Cast: Shock             |    57 |   159 |   133 ||   349
 Abil: Fly               |       |     1 |       ||     1
  Use: Scroll            |       |     8 |     4 ||    12
       Potion            |       |       |     5 ||     5
 Stab: Sleeping          |     1 |     1 |       ||     2
  Eat: Chunk             |     3 |     7 |     6 ||    16
       Ration            |       |       |     1 ||     1
Armor: Robe              |     6 |     4 |     2 ||    12
Dodge: Dodged            |    19 |    43 |    92 ||   154

Table legend:
 A = Non-vault XP
 B = Vault XP
 C = Vault XP percentage of total XP
 D = Non-vault monster count
 E = Vault monster count
 F = Vault count percentage of total count
                 A         B        C        D         E       F
            +---------+---------+-------+---------+---------+-------
      Total |    1983 |     100 |   4.8 |     122 |       9 |   6.9
            +---------+---------+-------+---------+---------+-------
        D:1 |      53 |       0 |   0.0 |      28 |       0 |   0.0
        D:2 |      26 |      91 |  77.8 |       8 |       6 |  42.9
        D:3 |     144 |       0 |   0.0 |      29 |       0 |   0.0
        D:4 |     526 |       7 |   1.3 |      25 |       1 |   3.8
        D:5 |     608 |       2 |   0.3 |      11 |       2 |  15.4
        D:6 |     626 |       0 |   0.0 |      21 |       0 |   0.0
            +---------+---------+-------+---------+---------+-------
